 Dungeon Crawl Stone Soup version 0.30-b1-2-g02819fbbbe (webtiles) character file.

Game seed: 12964428392815673750

39531 HoaS the Marksdemigod (level 13, -2/107 HPs)
             Began as a Demigod Hunter on May 16, 2023.
             Killed by the air
             ... invoked by a wind drake
              (18 damage)
             ... on level 5 of the Lair of Beasts.
             The game lasted 00:32:26 (14394 turns).

HoaS the Marksdemigod (Demigod Hunter)             Turns: 14394, Time: 00:32:27

Health: -2/107     AC: 12    Str: 12    XL:     13   Next: 35%
Magic:  16/16      EV: 29    Int: 11    God:
Gold:   297        SH:  0    Dex: 33    Spells: 12/12 levels left

rFire   . . .        o - +6 longbow (flame)
rCold   . . .        (shield currently unavailable)
rNeg    + . .        t - +1 leather armour {rN+}
rPois   .            C - +2 hat
rElec   .            y - +2 cloak
rCorr   .            s - +2 pair of gloves
SInv    .            (no boots)
Will    +....        (no amulet)
Stlth   +++          u - +5 ring of evasion
HPRegen 0.37/turn    (no ring)
MPRegen 0.15/turn

%: no passive effects
@: no status effects
A: high MP 1, forlorn, divine attributes
a: no special abilities


You were on level 5 of the Lair of Beasts.
You visited 3 branches of the dungeon, and saw 15 of its levels.
You also visited: Sewer and Gauntlet.

You collected 1537 gold pieces.
You spent 1240 gold pieces at shops.

Inventory:

Hand Weapons
 o - a +6 longbow of flaming (weapon)
Missiles
 h - 5 throwing nets
Armour
 i - a +0 helmet
 s - a +2 pair of gloves (worn)
 t - a +1 leather armour of positive energy (worn)
 y - a +2 cloak (worn)
 C - a +2 hat (worn)
Jewellery
 a - a ring of fire
 u - a +5 ring of evasion (left hand)
Wands
 q - a wand of digging (10)
 x - a wand of light (16)
 D - a wand of charming (7)
 E - a wand of polymorph (4)
 F - a wand of flame (5)
 H - a wand of mindburst (3)
Scrolls
 b - 6 scrolls of immolation
 e - 4 scrolls of poison
 f - 3 scrolls of fear
 l - a scroll of magic mapping
 n - 2 scrolls of blinking
 v - 3 scrolls of teleportation
Potions
 d - a potion of mutation
 g - a potion of ambrosia
 j - 4 potions of haste
 k - 4 potions of attraction {unknown}
 m - a potion of degeneration {unknown}
 p - a potion of flight {unknown}
 r - 4 potions of cancellation
 w - 3 potions of lignification {unknown}
 z - 3 potions of heal wounds {unknown}
 A - 4 potions of invisibility
 B - 2 potions of resistance {unknown}
 G - a potion of might {unknown}


   Skills:
 + Level 7.6 Fighting
 - Level 18.0 Ranged Weapons
 * Level 10.8 Dodging
 - Level 0.8 Stealth


You had 12 spell levels left.
You didn't know any spells.
Your spell library contained the following spells:

 Spells                   Type           Power      Damage    Failure   Level
 Beastly Appendage        Tmut           0%         N/A       41%         1
 Ensorcelled Hibernation  Hex/Ice        0%         N/A       56%         2
 Passwall                 Tmut/Erth      0%         N/A       56%         2
 Wereblood                Tmut           0%         N/A       56%         2
 Spider Form              Tmut/Pois      0%         N/A       80%         3
 Swiftness                Air            0%         N/A       80%         3
 Animate Dead             Necr           0%         N/A       99%         4
 Cause Fear               Hex            0%         N/A       99%         4
 Passage of Golubria      Tloc           0%         N/A       99%         4
 Borgnjor's Vile Clutch   Necr/Erth      0%         N/A       100%        5
 Silence                  Hex/Air        0%         N/A       100%        5
 Death Channel            Necr           0%         N/A       100%        6
 Dragon Form              Tmut           0%         N/A       100%        7
 Lehudib's Crystal Spear  Conj/Erth      0%         10d2      100%        8
 Dragon's Call            Summ           0%         N/A       100%        9


Dungeon Overview and Level Annotations

Branches:
Dungeon (9/15)             Temple (0/1) D:6            Lair (5/5) D:8
 Shoals (0/4) Lair:3        Snake (0/4) Lair:2        Slime (0/5) Lair:4
    Orc (1/2) D:9           Sewer (visited)         Gauntlet (visited)

Shops:
D:4 ?   D:5 ?:??   D:6 :   D:7 (

Annotations:
Lair:5 1 runed translucent door, DavidChitty2's ghost, journeyman MiFi


Innate Abilities, Weirdness & Mutations

You have an increased reservoir of magic. (+10% MP)
You shall have no god before yourself.
Your divine heritage dramatically boosts your attributes as you level up.


Message History

You are knocked back by the gust of wind.
The wind drake exhales a fierce blast of wind!
You are knocked back by the gust of wind.
The wind drake flaps its wings at you. The air twists around and strikes you!
* * * LOW HITPOINT WARNING * * *
You feel better. The wind drake flaps its wings at you.
The air twists around and strikes you!
* * * LOW HITPOINT WARNING * * *
Fire: o) +6 longbow (flame)
Press: ? - help, Q - select action, (/) - cycle Shift-Dir - straight line, f/p - wind drake
Aim: a wind drake (severely wounded, repelling missiles, 43% to hit)
You shoot an arrow. The arrow hits the wind drake.
The arrow burns the wind drake.
The wind drake is severely wounded.
The wind drake completely misses you.
Fire: o) +6 longbow (flame)
Press: ? - help, Q - select action, (/) - cycle Shift-Dir - straight line, f/p - wind drake
Aim: a wind drake (severely wounded, repelling missiles, 43% to hit)
You shoot an arrow. The arrow misses the wind drake.
The wind drake misses you.
You feel better. The wind drake flaps its wings at you.
The air twists around and strikes you.
* * * LOW HITPOINT WARNING * * *
Fire: o) +6 longbow (flame)
Press: ? - help, Q - select action, (/) - cycle Shift-Dir - straight line, f/p - wind drake
Aim: a wind drake (severely wounded, repelling missiles, 43% to hit)
You shoot an arrow. The arrow hits the wind drake!
The arrow burns the wind drake.
The wind drake is almost dead.
The wind drake completely misses you.
Fire: o) +6 longbow (flame)
Press: ? - help, Q - select action, (/) - cycle Shift-Dir - straight line, f/p - wind drake
Aim: a wind drake (almost dead, repelling missiles, 43% to hit)
You shoot an arrow. The arrow barely misses the wind drake.
The wind drake flaps its wings at you. The air twists around and strikes you!!
You die...

####. ## ~~ ........ #.## ~
....... ####.. ~ #. #..^..#
###..... ~~##~ ....##
##.#..... ..~~~.
##...###.#......
#~..#########....#..........
###......##.#................#
........††.†k@......##........
.....#.####.#......###......##


FP. ## #######.#####....## h ######P#....# #...## #.#.##...P#.# #.###
##.#....P.### ### ####.......## ##...........## ##............P# You could see a
wind drake (repels missiles).

Vanquished Creatures
  Gastronok (Lair:1)
  A hydra (Lair:4)
  A boulder beetle (Lair:3)
  Erica (Lair:1)
  A skyshark (Lair:5)
  Pikel (D:6)
  2 harpies (Lair:5)
  A cyclops (D:7)
  2 manticores
  4 elephants (Lair:5)
  3 black mambas
  Joseph (Lair:1)
  2 merfolk sirens (Lair:3)
  A torpor snail (Lair:1)
  11 cane toads
  3 rime drakes
  8 komodo dragons
  A troll (D:9)
  2 merfolk (Lair:3)
  6 polar bears
  A wind drake (Lair:5)
  15 blink frogs
  11 dream sheep
  A slime creature (Lair:4)
  7 wyverns
  A vampire (D:9)
  37 yaks
  9 basilisks
  3 fire bats (Lair:1)
  A steam dragon (Lair:3)
  25 water moccasins
  4 nagas (Lair:2)
  5 orc warriors
  2 ice beasts
  A sky beast (D:8)
  2 ogres
  21 wolves
  A centaur (D:7)
  A phantom (D:5)
  5 kobold brigands
  8 bullfrogs
  A wyvern zombie (D:8)
  2 scorpions (D:6)
  16 wights
  2 electric eels
  6 jellies
  2 gnoll boudas
  4 hounds
  3 iguanas
  A sleepcap (D:6)
  5 orc wizards
  14 hell rats
  A statue (D:3)
  A killer bee zombie (D:8)
  6 gnolls
  5 adders
  A river rat (D:6)
  3 shadow imps
  2 white imps (D:7)
  3 worms
  2 dart slugs
  24 orcs
  8 ball pythons
  3 endoplasms
  6 giant cockroaches
  11 goblins
  7 hobgoblins
  7 jackals
  36 kobolds
  5 quokkas
  4 bats
  5 frilled lizards
  11 rats
421 creatures vanquished.

Vanquished Creatures (others)
  A gnoll (D:8)
  2 bushes (D:8)
  51 fungi
  75 plants
129 creatures vanquished.

Grand Total: 550 creatures vanquished

Notes
Turn   | Place    | Note
-------+----------+-------------------------------------------
     0 | D:1      | HoaS the Demigod Hunter began the quest for the Orb.
     0 | D:1      | Reached XP level 1. HP: 17/17 MP: 3/3
    99 | D:1      | Reached skill level 4 in Ranged Weapons
   159 | D:1      | Reached XP level 2. HP: 24/24 MP: 4/4
   597 | D:2      | Reached XP level 3. HP: 29/29 MP: 5/5
  1047 | D:2      | Reached skill level 5 in Ranged Weapons
  1294 | D:3      | Reached XP level 4. HP: 33/36 MP: 6/6
  1376 | D:3      | Noticed a frost-covered statue
  1381 | D:3      | Killed a frost-covered statue
  1988 | D:4      | Found Buusios's Magic Scroll Emporium.
  2307 | D:4      | Reached skill level 6 in Ranged Weapons
  2307 | D:4      | Reached XP level 5. HP: 36/41 MP: 7/7
  2486 | D:5      | Entered Level 5 of the Dungeon
  2600 | D:5      | Noticed a water moccasin
  2611 | D:5      | Killed a water moccasin
  2611 | D:5      | Noticed an ice beast
  2612 | D:5      | Reached skill level 7 in Ranged Weapons
  2612 | D:5      | Reached XP level 6. HP: 20/48 MP: 8/8
  2816 | D:5      | Found Pyibe's Magic Scroll Boutique.
  2820 | D:5      | Bought a scroll of enchant weapon for 105 gold pieces
  2820 | D:5      | Bought a scroll of teleportation for 42 gold pieces
  2820 | D:5      | Bought a scroll of teleportation for 42 gold pieces
  2846 | D:5      | Found Ulull's Book Emporium.
  2846 | D:5      | Noticed a walking crystal tome
  2848 | D:5      | Noticed a walking divine tome
  2887 | D:5      | Reached skill level 8 in Ranged Weapons
  2887 | D:5      | Reached XP level 7. HP: 53/53 MP: 9/9
  3012 | D:5      | Found Utois's Magic Scroll Boutique.
  3015 | D:5      | Bought a scroll of enchant armour for 90 gold pieces
  3053 | D:5      | Found Mocsipn's Magic Scroll Shop.
  3069 | D:5      | Bought a scroll of teleportation for 39 gold pieces
  3202 | D:6      | Reached skill level 9 in Ranged Weapons
  3256 | D:6      | Found a staircase to the Ecumenical Temple.
  3394 | D:6      | Found a glowing drain.
  3407 | Sewer    | Entered a sewer
  3472 | Sewer    | Reached XP level 8. HP: 51/60 MP: 10/10
  3559 | Sewer    | Reached skill level 10 in Ranged Weapons
  3958 | D:7      | Found Azyet's Weapon Emporium.
  4247 | D:7      | Identified the +9 dagger "Leviticus" {freeze, *Noise Str+4
                  | Dex+4}
  4772 | D:7      | Reached skill level 11 in Ranged Weapons
  4826 | D:7      | Identified the +9 dagger "Grom" {venom, rF+ Int+3}
  4833 | D:7      | Noticed a cyclops
  5051 | D:6      | Found Quocoune's Book Shop.
  5293 | D:6      | Noticed Pikel
  5303 | D:6      | Killed Pikel
  5304 | D:6      | Reached skill level 12 in Ranged Weapons
  5304 | D:6      | Reached XP level 9. HP: 44/67 MP: 11/11
  5481 | D:7      | Killed a cyclops
  5823 | D:8      | Reached skill level 13 in Ranged Weapons
  5849 | D:8      | Found a staircase to the Lair.
  6704 | D:8      | Reached skill level 14 in Ranged Weapons
  6711 | D:8      | Reached XP level 10. HP: 73/73 MP: 13/13
  6855 | D:8      | Noticed a manticore
  7126 | D:8      | Killed a manticore
  7497 | D:8      | Identified a scroll of acquirement
  7497 | D:8      | Acquired 696 gold pieces
  7918 | D:9      | Reached skill level 15 in Ranged Weapons
  8038 | D:9      | Found a staircase to the Orcish Mines.
  8514 | D:5      | Bought a scroll of acquirement for 728 gold pieces
  8514 | D:5      | Acquired a +3 longbow of flaming
  8697 | Orc:1    | Entered Level 1 of the Orcish Mines
  8826 | Lair:1   | Entered Level 1 of the Lair of Beasts
  8843 | Lair:1   | Noticed a torpor snail
  8887 | Lair:1   | Killed a torpor snail
  8901 | Lair:1   | Noticed Gastronok
  8910 | Lair:1   | Killed Gastronok
  8937 | Lair:1   | Reached skill level 16 in Ranged Weapons
  9058 | Lair:1   | Reached XP level 11. HP: 79/79 MP: 14/14
  9328 | Lair:1   | Noticed Joseph
  9343 | Lair:1   | Killed Joseph
  9344 | Lair:1   | Reached skill level 17 in Ranged Weapons
  9443 | Lair:1   | Noticed Erica
  9449 | Lair:1   | Killed Erica
  9580 | Lair:1   | Found a dark tunnel.
 10218 | Lair:2   | Reached skill level 18 in Ranged Weapons
 10328 | Lair:2   | Found a staircase to the Snake Pit.
 10492 | D:4      | Bought a scroll of enchant armour for 97 gold pieces
 10492 | D:4      | Bought a scroll of enchant armour for 97 gold pieces
 11256 | Lair:3   | Found a gate leading to a gauntlet.
 11282 | Gauntlet | Entered a Gauntlet
 11282 | Gauntlet | Noticed a tengu warrior
 11282 | Gauntlet | Found a transporter.
 11290 | Gauntlet | Found a runed translucent door.
 11293 | Gauntlet | Found a transporter.
 11294 | Gauntlet | Found a transporter.
 11295 | Gauntlet | Found a transporter.
 11303 | Gauntlet | Found a transporter.
 11306 | Gauntlet | Found a transporter.
 11307 | Gauntlet | Found a transporter.
 11316 | Gauntlet | Found a transporter.
 11319 | Gauntlet | Found a transporter.
 11320 | Gauntlet | Found a transporter.
 11332 | Gauntlet | Found a transporter.
 11332 | Gauntlet | Found a transporter.
 11333 | Gauntlet | Found a transporter.
 11341 | Gauntlet | Found a transporter.
 11533 | Lair:3   | Reached XP level 12. HP: 89/89 MP: 15/15
 11686 | Lair:3   | Reached skill level 5 in Dodging
 12077 | Lair:3   | Found a staircase to the Shoals.
 12230 | Lair:4   | Noticed a boulder beetle
 12307 | Lair:3   | Killed a boulder beetle
 12308 | Lair:3   | Reached skill level 5 in Fighting
 12389 | Lair:4   | Noticed an eight-headed hydra
 12397 | Lair:4   | Killed an eight-headed hydra
 12606 | Lair:4   | Found a staircase to the Slime Pits.
 13362 | Lair:5   | Entered Level 5 of the Lair of Beasts
 13526 | Lair:4   | Reached XP level 13. HP: 80/102 MP: 16/16
 14006 | Lair:5   | Reached skill level 10 in Dodging
 14148 | Lair:5   | Found a runed translucent door.
 14149 | Lair:5   | Identified the +8 trident "Demigod's Foe" {heavy, Fly rC+}
 14150 | Lair:5   | Noticed DavidChitty2's ghost (journeyman MiFi)
 14394 | Lair:5   | Killed from afar by a wind drake

Illustrated notes

Levels and vault maps discovered:
D:1:      psy_arrival_fountain, layout_rooms,
          chequers_ecumenical_altar_simple_redux
D:2:      layout_rooms, columned_hall_lemuel
D:3:      layout_basic, grunt_temple_overflow_forces_of_nature, vehumet_statue,
          minmay_stone_trees_small
D:4:      layout_rooms, serial_shops, shop, minmay_misc_feat_chi,
          corexii_corridor_pit
D:5:      layout_gridville, serial_shops, nicolae_shop_back_alley_shop,
          kennysheep_mini_moat, nicolae_shop_mannequins,
          nicolae_shop_tiny_statue_garden
D:6:      layout_basic, minmay_temple_entry_tees, portal_sewer_entry_b,
          serial_shops, shop, grunt_decor_cap, uniq_pikel
D:7:      layout_loops_cross, nicolae_overflow_two_pavilions,
          kennysheep_okawaru_gauntlet, nemelex_spade_bored_becter, serial_shops,
          shop, hex_tiny
D:8:      layout_loops_ring, lemuel_zombie_altar_yredelemnul,
          minmay_lair_entry_grove, hex_large, kennysheep_dice
D:9:      layout_long_grid, mainiacjoe_overflow_catwalk,
          kennysheep_orc_sif_temple, orc_0_dummy
Lair:1:   layout_chaotic_city, nicolae_volcano_entry_batcave,
          dreamdust_gnoll_shepherd, infiniplex_staircase_pool,
          grunt_megastairs_5, uniq_gastronok, uniq_joseph, uniq_erica
Lair:2:   layout_regular_city, minmay_snake_entry_guardpost_small,
          lemuel_fruit_fields, serial_bayou_shore_b
Lair:3:   layout_roguey, elwin_shoals_entry_stream, gauntlet_entry_generic,
          grunt_megastairs_3
Lair:4:   layout_regular_city, minmay_slime_entry_pillars, beast_lair_carwin_3,
          serial_bayou_shore_a
Lair:5:   gammafunk_lair_ancient_temple, layout_cave_pods,
          ebering_ghost_funeral_grove, infiniplex_staircase_pool_2
Orc:1:    layout_caves

Skill      XL: |  1  2  3  4  5  6  7  8  9 10 11 12 13 |
---------------+----------------------------------------+-----
Ranged Weapons | 4 5 6 7 8 9 12 14 16 18 | 18.0
Dodging        | 4 9 10 | 10.8
Fighting       | 3 6 7 |  7.6
Stealth        | |  0.8

Action                     |  1- 3 |  4- 6 |  7- 9 | 10-12 | 13-15 || total
---------------------------+-------+-------+-------+-------+-------++-------
   Fire: Shortbow          |   146 |   120 |   362 |   177 |       ||   805
         Longbow           |       |       |       |   521 |   146 ||   667
    Use: Scroll            |     7 |     6 |     6 |    12 |       ||    31
         Potion            |       |       |     1 |     2 |     5 ||     8
 Armour: Leather armour    |    25 |    11 |    41 |    41 |    17 ||   135
  Dodge: Dodged            |    63 |    29 |   120 |   225 |    96 ||   533
